SAAA
HOUSTON BC @ ALLOWAY HALBERDS
06/16/2025
 
TOP OF THE 1ST
Houston BC batting - Pitching for Alloway Halberds : RHP Jim Unknown
Pitching: RHP Jim Unknown
Batting: RHB Ludovico Trezza 0-0: Foul Ball, location: 2F
0-1: Swinging Strike
0-2: Foul Ball, location: 2F
0-2: Ball
1-2: Foul Ball, location: 2F
1-2: Foul Ball, location: 2F
1-2: Strikes out looking
Batting: LHB Álex Ramírez 0-0: Ball
1-0: Called Strike
1-1: Ball
2-1: Ground out 3-1 (Groundball, 34)
Batting: RHB Habbo Allaart 0-0: Ball
1-0: Called Strike
1-1: Foul Ball, location: 2F
1-2: Ball
2-2: Foul Ball, location: 2F
2-2: Ball
3-2: Ground out 4-3 (Groundball, 4)
Top of the 1st over - 0 run(s), 0 hit(s), 0 error(s), 0 left on base; Houston 0 - Alloway 0
BOTTOM OF THE 1ST
Alloway Halberds batting - Pitching for Houston BC : LHP Shawn Arnold
Pitching: LHP Shawn Arnold
Batting: RHB Christovăo Galho 0-0: Called Strike
0-1: Ball
1-1: Ball
2-1: Ball
3-1: SINGLE (Groundball, 4MD)
Batting: RHB Robbie Young 0-0: Ball
1-0: Fielders Choice at 2nd, 4-6 (Groundball, 34)
Batting: RHB Will Hunter 0-0: Ball
Robbie Young steals 2nd base
1-0: Fly out, F7 (Flyball, 78M)
Batting: RHB Jarred Morgan 0-0: Swinging Strike
0-1: Ball
1-1: Ball
2-1: Foul Ball, location: 2F
2-2: Foul Ball, location: 2F
2-2: Fly out, F6 (Line Drive, 6)
Bottom of the 1st over - 0 run(s), 1 hit(s), 0 error(s), 1 left on base; Houston 0 - Alloway 0
TOP OF THE 2ND
Houston BC batting - Pitching for Alloway Halberds : RHP Jim Unknown
Batting: RHB Joseph Gray 0-0: Ball
1-0: Reached on error, E6 (Groundball, 6)
Batting: RHB Albert Delgado 0-0: Ball
1-0: Grounds into double play, 5-4-3 (Groundball, 5)
Batting: RHB Alfredo Rivera 0-0: Hit by Pitch
Batting: RHB António Sánchez 0-0: Ball
1-0: Called Strike
1-1: Called Strike
1-2: Strikes out looking
Top of the 2nd over - 0 run(s), 0 hit(s), 1 error(s), 1 left on base; Houston 0 - Alloway 0
BOTTOM OF THE 2ND
Alloway Halberds batting - Pitching for Houston BC : LHP Shawn Arnold
Now at SS: Dennis Morrow
Batting: RHB Rafael Delgado 0-0: Ball
1-0: Swinging Strike
1-1: Foul Ball, location: 2F
1-2: Ball
2-2: Ball
3-2: Base on Balls
Batting: SHB Ron Peterson 0-0: Ball
1-0: Called Strike
Rafael Delgado steals 2nd base
1-1: Ball
2-1: Ball
3-1: Foul Ball, location: 2F
3-2: Base on Balls
Batting: RHB Jonathan Cundall 0-0: Foul Ball, location: 2F
0-1: Foul Ball, location: 2F
0-2: Fly out, F7 (Flyball, 78S)
Batting: SHB Pancho De La Rosa 0-0: Ball
1-0: Ball
2-0: Foul Ball, location: 2F
2-1: Swinging Strike
2-2: Ball
3-2: Base on Balls
Rafael Delgado to third
Ron Peterson to second
Batting: RHB Dennis Clifton 0-0: Ball
1-0: Ball
2-0: Called Strike
2-1: Ground out 5-3 (Groundball, 56S)
Rafael Delgado scores
Ron Peterson to third
Pancho De La Rosa to second
Batting: RHB Christovăo Galho 0-0: Called Strike
0-1: Ball
1-1: Ball
2-1: Foul Ball, location: 2F
2-2: Ball
3-2: SINGLE (Line Drive, 9S)
Ron Peterson scores
Pancho De La Rosa to third
Pancho De La Rosa scores
Batting: RHB Robbie Young 0-0: Ball
1-0: Foul Ball, location: 2F
1-1: Foul Ball, location: 2F
1-2: Strikes out swinging
Bottom of the 2nd over - 3 run(s), 1 hit(s), 0 error(s), 1 left on base; Houston 0 - Alloway 3
TOP OF THE 3RD
Houston BC batting - Pitching for Alloway Halberds : RHP Jim Unknown
Batting: RHB León Cabrera 0-0: SOLO HOME RUN (Flyball, 89XD), Distance : 418 ft
Batting: RHB Dennis Morrow 0-0: Ball
1-0: Fly out, F8 (Flyball, 8LM)
Batting: RHB Ludovico Trezza 0-0: Ball
1-0: Foul Ball, location: 2F
1-1: Foul Ball, location: 2F
1-2: SOLO HOME RUN (Line Drive, 78XD), Distance : 425 ft
Batting: LHB Álex Ramírez 0-0: Swinging Strike
0-1: DOUBLE (Flyball, 89XD)
Batting: RHB Habbo Allaart 0-0: Fly out, F7 (Flyball, 7S)
Batting: RHB Joseph Gray 0-0: Foul Ball, location: 2F
0-1: Foul Ball, location: 2F
0-2: Ground out 4-3 (Groundball, 4)
Top of the 3rd over - 2 run(s), 3 hit(s), 0 error(s), 1 left on base; Houston 2 - Alloway 3
BOTTOM OF THE 3RD
Alloway Halberds batting - Pitching for Houston BC : LHP Shawn Arnold
Batting: RHB Will Hunter 0-0: Foul Ball, location: 2F
0-1: Fly out, F6 (Popup, 6)
Batting: RHB Jarred Morgan 0-0: Ball
1-0: Ball
2-0: Ball
3-0: Called Strike
3-1: Base on Balls
Batting: RHB Rafael Delgado 0-0: Called Strike
0-1: Ball
1-1: Foul Ball, location: 2F
1-2: Ball
2-2: Ball
3-2: Foul Ball, location: 2F
3-2: Grounds into double play, 5-4-3 (Groundball, 5)
Bottom of the 3rd over - 0 run(s), 0 hit(s), 0 error(s), 0 left on base; Houston 2 - Alloway 3
TOP OF THE 4TH
Houston BC batting - Pitching for Alloway Halberds : RHP Jim Unknown
Batting: RHB Albert Delgado 0-0: Ball
1-0: Ball
2-0: Called Strike
2-1: SINGLE (Groundball, 6MD)
Batting: RHB Alfredo Rivera 0-0: Ball
1-0: Foul Ball, location: 2F
1-1: Swinging Strike
1-2: Strikes out swinging
Batting: RHB António Sánchez 0-0: Grounds into double play, 5-4-3 (Groundball, 56)
Top of the 4th over - 0 run(s), 1 hit(s), 0 error(s), 0 left on base; Houston 2 - Alloway 3
BOTTOM OF THE 4TH
Alloway Halberds batting - Pitching for Houston BC : LHP Shawn Arnold
Batting: SHB Ron Peterson 0-0: Called Strike
0-1: Fly out, F7 (Flyball, 7)
Batting: RHB Jonathan Cundall 0-0: Called Strike
0-1: Ball
1-1: Ball
2-1: Swinging Strike
2-2: Ball
3-2: Base on Balls
Batting: SHB Pancho De La Rosa 0-0: Called Strike
0-1: Ball
1-1: Swinging Strike
1-2: Strikes out swinging
Batting: RHB Dennis Clifton 0-0: Called Strike
0-1: Called Strike
0-2: Foul Ball, location: 2F
0-2: Foul Ball, location: 2F
0-2: Ball
1-2: Strikes out swinging
Bottom of the 4th over - 0 run(s), 0 hit(s), 0 error(s), 1 left on base; Houston 2 - Alloway 3
TOP OF THE 5TH
Houston BC batting - Pitching for Alloway Halberds : RHP Jim Unknown
Batting: RHB León Cabrera 0-0: Swinging Strike
0-1: Swinging Strike
0-2: SINGLE (Groundball, 56D)
Batting: RHB Dennis Morrow 0-0: Sac Bunt - play at first, batter OUT! 5-3
León Cabrera to second
Batting: RHB Ludovico Trezza 0-0: Called Strike
0-1: Ground out 5-3 (Groundball, 5)
Batting: LHB Álex Ramírez 0-0: Ball
1-0: Ball
2-0: Called Strike
2-1: Ball
3-1: Base on Balls
Batting: RHB Habbo Allaart 0-0: SINGLE (Groundball, 34D)
León Cabrera to third
Álex Ramírez to second
Runner from 3rd tries for Home, SAFE, no throw
Batting: RHB Joseph Gray 0-0: Called Strike
0-1: Fly out, F9 (Flyball, 89S)
Top of the 5th over - 1 run(s), 2 hit(s), 0 error(s), 2 left on base; Houston 3 - Alloway 3
BOTTOM OF THE 5TH
Alloway Halberds batting - Pitching for Houston BC : LHP Shawn Arnold
Batting: RHB Christovăo Galho 0-0: Foul Ball, location: 2F
0-1: Ball
1-1: Fly out, F8 (Flyball, 8RM)
Batting: RHB Robbie Young 0-0: Ball
1-0: Foul Ball, location: 2F
1-1: Foul Ball, location: 2F
1-2: Fly out, F9 (Flyball, 9LSF)
Batting: RHB Will Hunter 0-0: SOLO HOME RUN (Line Drive, 7D), Distance : 400 ft
Batting: RHB Jarred Morgan 0-0: Ball
1-0: Foul Ball, location: 2F
1-1: Foul Ball, location: 2F
1-2: Ball
2-2: Ball
3-2: Strikes out swinging
Bottom of the 5th over - 1 run(s), 1 hit(s), 0 error(s), 0 left on base; Houston 3 - Alloway 4
TOP OF THE 6TH
Houston BC batting - Pitching for Alloway Halberds : RHP Jim Unknown
Batting: RHB Albert Delgado 0-0: SINGLE (Flyball, 7LS)
Batting: RHB Alfredo Rivera 0-0: Ball
Albert Delgado steals 2nd base
1-0: Ground out 4-3 (Groundball, 4)
Albert Delgado to third
Batting: RHB António Sánchez 0-0: Swinging Strike
0-1: Ground out 6-3 (Groundball, 6)
Batting: RHB León Cabrera 0-0: Called Strike
0-1: Ball
1-1: Ball
2-1: Ball
3-1: Called Strike
3-2: Strikes out swinging
Top of the 6th over - 0 run(s), 1 hit(s), 0 error(s), 1 left on base; Houston 3 - Alloway 4
BOTTOM OF THE 6TH
Alloway Halberds batting - Pitching for Houston BC : LHP Shawn Arnold
Batting: RHB Rafael Delgado 0-0: Called Strike
0-1: Called Strike
0-2: Ball
1-2: Ball
2-2: Ground out 6-3 (Groundball, 56)
Batting: SHB Ron Peterson 0-0: Ball
1-0: Swinging Strike
1-1: Ground out 4-3 (Groundball, 4)
Batting: RHB Jonathan Cundall 0-0: Ball
1-0: Fly out, F8 (Flyball, 8LM)
Bottom of the 6th over - 0 run(s), 0 hit(s), 0 error(s), 0 left on base; Houston 3 - Alloway 4
TOP OF THE 7TH
Houston BC batting - Pitching for Alloway Halberds : RHP Jim Unknown
Batting: RHB Dennis Morrow 0-0: Foul Ball, location: 2F
0-1: Ball
1-1: Ball
2-1: Swinging Strike
2-2: Ball
3-2: Foul Ball, location: 2F
3-2: SINGLE (Groundball, 56D)
Pinch Hitting: LHB Jim Unknown 0-0: Ball
1-0: Sac Bunt - play at second, runner OUT! 2-6
Batting: LHB Álex Ramírez 0-0: Ball
1-0: Called Strike
1-1: Foul Ball, location: 2F
1-2: Ball
2-2: Grounds into double play, 4-6-3 (Groundball, 4)
Top of the 7th over - 0 run(s), 1 hit(s), 0 error(s), 0 left on base; Houston 3 - Alloway 4
BOTTOM OF THE 7TH
Alloway Halberds batting - Pitching for Houston BC : LHP Shawn Arnold
Now in LF: Jim Unknown
Batting: SHB Pancho De La Rosa 0-0: Ball
1-0: Fly out, F8 (Flyball, 89D)
Batting: RHB Dennis Clifton 0-0: Ball
1-0: Ball
2-0: Ball
3-0: Base on Balls
Batting: RHB Christovăo Galho 0-0: Ground out 3-1 (Groundball, 34S)
Dennis Clifton to second
Batting: RHB Robbie Young 0-0: Ball
1-0: Foul Ball, location: 2F
1-1: Ball
2-1: Swinging Strike
2-2: Ground out 1-3 (Groundball, P)
Bottom of the 7th over - 0 run(s), 0 hit(s), 0 error(s), 1 left on base; Houston 3 - Alloway 4
TOP OF THE 8TH
Houston BC batting - Pitching for Alloway Halberds : RHP Jim Unknown
Batting: RHB Habbo Allaart 0-0: Ball
1-0: Called Strike
1-1: Ground out 5-3 (Groundball, 56S)
Batting: RHB Joseph Gray 0-0: Called Strike
0-1: Foul Ball, location: 2F
0-2: Foul Ball, location: 2F
0-2: Ground out 5-3 (Groundball, 5)
Batting: RHB Albert Delgado 0-0: Ball
1-0: Foul Ball, location: 2F
1-1: Fly out, F6 (Line Drive, 6)
Top of the 8th over - 0 run(s), 0 hit(s), 0 error(s), 0 left on base; Houston 3 - Alloway 4
BOTTOM OF THE 8TH
Alloway Halberds batting - Pitching for Houston BC : LHP Shawn Arnold
Batting: RHB Will Hunter 0-0: Ball
1-0: SINGLE (Line Drive, 8LS)
Pitching: RHP Arnout Els
Batting: RHB Jarred Morgan 0-0: Ball
1-0: Called Strike
1-1: Foul Ball, location: 2F
1-2: Ball
2-2: Strikes out swinging
Pinch Hitting: LHB Esteban Casillas 0-0: Ball
1-0: Ball
2-0: Called Strike
2-1: Fly out, F9 (Flyball, 9)
Batting: SHB Ron Peterson 0-0: Ball
1-0: Called Strike
1-1: Ball
2-1: Foul Ball, location: 2F
2-2: Ball
3-2: Ground out U3 (Groundball, 3L)
Bottom of the 8th over - 0 run(s), 1 hit(s), 0 error(s), 1 left on base; Houston 3 - Alloway 4
TOP OF THE 9TH
Houston BC batting - Pitching for Alloway Halberds : RHP Jim Unknown
Pitching: RHP Jim Unknown
Now in LF: Alfredo Chávez
Batting: RHB Alfredo Rivera 0-0: Ball
1-0: Ball
2-0: Ball
3-0: Called Strike
3-1: Swinging Strike
3-2: Foul Ball, location: 2F
3-2: Foul Ball, location: 2F
3-2: Strikes out looking
Batting: RHB António Sánchez 0-0: Called Strike
0-1: Foul Ball, location: 2F
0-2: Ball
1-2: Foul Ball, location: 2F
1-2: Ball
2-2: Ground out 4-3 (Groundball, 34)
Batting: RHB León Cabrera 0-0: Ball
1-0: Fly out, F4 (Line Drive, 4M)
Top of the 9th over - 0 run(s), 0 hit(s), 0 error(s), 0 left on base; Houston 3 - Alloway 4
Friday, December 30th, 2016 - OOTP Baseball 17.12 Build 75